 Dungeon Crawl Stone Soup version 0.25-a0-565-g8875c97ebb (webtiles) character file.

Game seed: 2230652512151807785, levelgen mode: deterministic

46 MisterFreud the Skirmisher (level 3, 0/35 HPs)
             Began as a Gnoll Abyssal Knight on Feb 26, 2020.
             Was a Follower of Lugonu.
             Slain by an adder (4 damage)
             ... on level 2 of the Dungeon.
             The game lasted 00:02:28 (970 turns).

MisterFreud the Skirmisher (Gnoll Abyssal Knight)    Turns: 970, Time: 00:02:29

Health: 0/35       AC:  3    Str: 12 (14) XL:     3   Next: 66%
Magic:  6/6        EV: 12    Int: 16 (19) God:    Lugonu [*.....]
Gold:   70         SH:  0    Dex: 12 (14) Spells: 3/3 levels left

rFire    + . .     SeeInvis .   a - +1 short sword
rCold    . . .     Gourm    .   (no shield)
rNeg     . . .     Faith    .   b - +0 leather armour
rPois    .         Spirit   .   (no helmet)
rElec    .         Reflect  .   (no cloak)
rCorr    .         Harm     .   (no gloves)
MR       .....                  (no boots)
Stlth    +.........             (no amulet)
HPRegen  0.11/turn              i - ring of protection from fire
MPRegen  0.10/turn              j - +4 ring of intelligence

@: lethally poisoned (0 -> -21)
A: distributed training, fangs 1, strong nose
a: Depart the Abyss, Renounce Religion


You were on level 2 of the Dungeon.
You worshipped Lugonu.
Lugonu was aware of your devotion.
You were not hungry.

You visited 1 branch of the dungeon, and saw 2 of its levels.
You visited the Abyss 1 time.

You collected 70 gold pieces.

Inventory:

Hand Weapons
 a - a +1 short sword (weapon)
Missiles
 d - 92 stones (quivered)
 e - 13 sling bullets
 k - 14 poisoned darts
 r - 18 arrows
Armour
 b - a +0 leather armour (worn)
Jewellery
 i - a ring of protection from fire (left hand)
 j - a +4 ring of intelligence (right hand)
 l - an uncursed ring of ice
Scrolls
 p - a scroll of teleportation {unknown}
Potions
 g - a potion of curing {unknown}
 h - a potion of haste {unknown}
 m - a potion of lignification {unknown}
 n - a potion of heal wounds {unknown}
 o - a potion of resistance {unknown}
 q - a potion of degeneration
Comestibles
 c - 5 rations
 f - 2 chunks of flesh


   Skills:
 + Level 6.5 Fighting
 + Level 4.5 Short Blades
 + Level 0.9 Long Blades
 + Level 0.9 Axes
 + Level 0.9 Maces & Flails
 + Level 0.9 Polearms
 + Level 0.9 Staves
 + Level 0.9 Slings
 + Level 0.9 Bows
 + Level 0.9 Crossbows
 + Level 0.9 Throwing
 + Level 4.5 Armour
 + Level 2.6 Dodging
 + Level 0.9 Stealth
 + Level 0.9 Shields
 + Level 0.9 Unarmed Combat
 + Level 0.9 Spellcasting
 + Level 0.6 Conjurations
 + Level 0.6 Hexes
 + Level 0.6 Charms
 + Level 0.6 Summonings
 + Level 0.6 Necromancy
 + Level 0.6 Translocations
 + Level 0.6 Transmutations
 + Level 0.6 Fire Magic
 + Level 0.6 Ice Magic
 + Level 0.6 Air Magic
 + Level 0.6 Earth Magic
 + Level 0.6 Poison Magic
 + Level 4.6 Invocations
 + Level 0.9 Evocations


You had 3 spell levels left.
You didn't know any spells.
Your spell library was empty.

Dungeon Overview and Level Annotations

Branches:
Dungeon (2/15)

Altars:


Innate Abilities, Weirdness & Mutations

Your experience applies equally to all skills.
You have very sharp teeth.
Your uncanny sense of smell can sniff out nearby items.


Message History

You feel sick. The adder closely misses you.
Your leather armour prevents you from hitting the adder.
The adder is moderately wounded.
* * * LOW HITPOINT WARNING * * *
You feel sick. The adder barely misses you.
You hit the adder.
The adder is heavily wounded.
* * * LOW HITPOINT WARNING * * *
You feel sick. The adder bites you.
* * * LOW HITPOINT WARNING * * *
You are more poisoned.
The adder poisons you!
It was a potion of degeneration.
There was something very wrong with that liquid.
You feel weakened.
You feel dopey.
You feel clumsy.
* * * LOW HITPOINT WARNING * * *
You feel sick. The adder bites you.
* * * LOW HITPOINT WARNING * * *
The adder bites you.
You die...

#..###.######.
#. #..# #)# ∆ #.
#..###.## ..
#..##...## .
#..#.....#
#..#.....#
...#.#g#.#
...#S#.#
...###@#..
..#.............
# #.####.###.###
# ..# ### ∆


You could see an adder and a goblin.

Vanquished Creatures
  An ooze (D:1)
  A dart slug (D:1)
  2 leopard geckos (D:1)
  5 bats (D:1)
  3 giant cockroaches (D:1)
  8 goblins
  2 jackals (D:1)
  A ball python (D:1)
  2 frilled lizards (D:1)
  5 kobolds
  5 rats
35 creatures vanquished.

Notes
Turn   | Place    | Note
-------+----------+-------------------------------------------
     0 | Abyss:1  | MisterFreud the Gnoll Abyssal Knight began the quest for
                  | the Orb.
     0 | Abyss:1  | Reached XP level 1. HP: 23/23 MP: 3/3
    99 | Abyss:1  | Noticed an anaconda skeleton
   102 | D:1      | Escaped the Abyss
   224 | D:1      | Reached XP level 2. HP: 28/29 MP: 5/5
   248 | D:1      | Reached * piety under Lugonu
   454 | D:1      | Reached XP level 3. HP: 35/35 MP: 6/6
   897 | D:2      | Found a faded altar of an unknown god.
   970 | D:2      | Slain by an adder

Levels and vault maps discovered:
D:1:      dpeg_arrival_leaves_temple_mockup, layout_basic, serial_curves,
          eino_curves_03, eino_curves_04
D:2:      layout_loops_ring, first_ration, chequers_ecumenical_altar_simple

Action                   || total
-------------------------++-------
Melee: Short sword       ||   103
       Bite              ||     9
Invok: Depart the Abyss  ||     1
  Use: Potion            ||     1
 Stab: Sleeping          ||     1
Armor: Leather armour    ||    25
Dodge: Dodged            ||    50

Table legend:
 A = Non-vault XP
 B = Vault XP
 C = Vault XP percentage of total XP
 D = Non-vault monster count
 E = Vault monster count
 F = Vault count percentage of total count
                 A         B        C        D         E       F
            +---------+---------+-------+---------+---------+-------
      Total |      66 |       0 |   0.0 |      35 |       0 |   0.0
            +---------+---------+-------+---------+---------+-------
        D:1 |      57 |       0 |   0.0 |      29 |       0 |   0.0
        D:2 |       9 |       0 |   0.0 |       6 |       0 |   0.0
            +---------+---------+-------+---------+---------+-------
